Cogmind - Beta 13 @@@ ROGUE MODE // 2024.05.24 @ 15:50:42 Player: H3-RMN Result: Destroyed by G-47 Trooper with Particle Gun Performance ------------- Evolutions (2) 1000 Regions Visited (5) 1000 Robots Destroyed (31) 155 Value Destroyed (691) 691 Prototype IDs (23) 460 Alien Tech Used (0) 0 Bonus (0) 0 TOTAL SCORE: 3306 Bonus ------- None Cogmind --------- Core Integrity 0/550 Matter 269/300 Energy 86/100 System Corruption 0% Temperature Cool (9) Movement Core (50) Location -8/Materials Parts ------- > --- POWER (1) -------- (None) > --- PROPULSION (4) --- (None) > --- UTILITY (4) ------ PSU Rigger > --- WEAPON (2) ------- (None) > --- INVENTORY (5) ---- Light Treads High-capacity Storage Unit Skeleton Box Latent Energy Streamer Proton Bomb Trap Peak State ------------ > --- POWER ------------ Light Nuclear Core > --- PROPULSION ------- Aluminum Leg Aluminum Leg Aluminum Leg Aluminum Leg > --- UTILITY ---------- Improved Heat Sink High-capacity Storage Unit Light Armor Plating Tractor Beam > --- WEAPON ----------- Spread Laser Heavy Assault Rifle > --- INVENTORY -------- Light Treads Light Treads Large Storage Unit Hardened Medium Armor Plating Skeleton Box PSU Rigger Latent Energy Streamer Heavy Assault Rifle Heavy Assault Rifle Heavy Assault Rifle Rocket Launcher Hammer Proton Bomb Trap Proton Bomb Trap Proton Bomb Trap [Rating: 21] Favorites ----------- Power Light Nuclear Core Power Core Light Nuclear Core Propulsion Aluminum Leg Treads Light Treads Leg Aluminum Leg Utility Improved Heat Sink Device Improved Heat Sink Storage Large Storage Unit Protection Light Armor Plating Weapon Shotgun Energy Gun Spread Laser Energy Cannon Latent Energy Streamer Ballistic Gun Shotgun Ballistic Cannon Light Cannon Launcher Rocket Launcher Impact Weapon Hammer Build | -11 -10 -10 -10 -9 -8 ------- Run | Yrd Mat Min Exi Min Mat Slots Evolved 4 | . . . . . 4 Power . | . . . . . . Propulsion 2 | . . . . . 2 Utility 2 | . . . . . 2 Weapon . | . . . . . . Parts Attached 33 | . 15 . 1 3 14 Power 1 | . 1 . . . . Engine . | . . . . . . Core 1 | . 1 . . . . Reactor . | . . . . . . Propulsion 5 | . 2 . . . 3 Treads 1 | . . . . . 1 Leg 4 | . 2 . . . 2 Wheel . | . . . . . . Hover . | . . . . . . Flight . | . . . . . . Utility 10 | . 4 . 1 . 5 Device 4 | . 2 . . . 2 Storage 4 | . 2 . 1 . 1 Processor . | . . . . . . Hackware . | . . . . . . Protection 2 | . . . . . 2 Artifact . | . . . . . . Weapon 17 | . 8 . . 3 6 Energy Gun 1 | . . . . 1 . Energy Cannon 1 | . . . . . 1 Ballistic Gun 10 | . 5 . . 1 4 Ballistic Cannon 2 | . 2 . . . . Launcher 2 | . . . . 1 1 Special Weapon . | . . . . . . Impact Weapon 1 | . 1 . . . . Slashing Weapon . | . . . . . . Piercing Weapon . | . . . . . . Special Melee Weapon . | . . . . . . Unidentified Prototypes . | . . . . . . Parts Lost 17 | . 1 . . . 16 Power 1 | . . . . . 1 Propulsion 5 | . . . . . 5 Utility 4 | . . . . . 4 Weapon 7 | . 1 . . . 6 Highest Loss Streak 16 | . 1 . . . 16 To Critical Strikes . | . . . . . . Average Slot Usage (%) 85 | . 91 100 71 96 77 Core 12 | . 12 14 14 14 3 Leg 26 | . 25 28 28 28 24 Device 13 | . 12 14 14 14 15 Storage 12 | . 12 14 14 14 9 Energy Gun 1 | . . . . 8 6 Ballistic Gun 9 | . 14 28 . 3 7 Ballistic Cannon 5 | . 11 . . . . Launcher 1 | . . . . 12 . Naked Turns 49 | . 49 . . . . Heaviest Build 57 | . 32 31 46 53 57 Greatest Support 40 | 3 20 20 20 20 40 Greatest Overweight (x) 7 | . 1 1 2 2 7 Average Overweight (x) 1 | . . 1 1 2 . Largest Inventory Capacity 20 | 5 15 15 20 20 20 Average Capacity 16 | 5 13 15 18 20 15 Most Carried 20 | . 15 15 19 20 18 Average Carried 14 | . 12 15 16 18 13 Final Capacity 20 | 5 15 15 20 20 5 Final Carried 19 | . 15 15 19 18 5 Class Distribution -------------------- 93% | Mutant 6% | Scavenger-Mutant Dominant Class ---------------- Mutant | -10/Materials Mutant | -10/Mines Mutant | -10/Exiles Mutant | -9/Mines Scavenger-Mutant | -8/Materials Resources | -11 -10 -10 -10 -9 -8 ----------- Run | Yrd Mat Min Exi Min Mat Matter Collected 863 | 112 459 7 . 26 259 Remotely 195 | . . . . . 195 Salvage Created 830 | . 392 21 . 50 367 Parts 55 | . 26 2 . 5 22 Haulers Intercepted 2 | . 2 . . . . Recyclers Shooed 1 | . . . . . 1 Parts Field Recycled . | . . . . . . Retrieved Matter . | . . . . . . Parts Self-Destructed . | . . . . . . Prevented . | . . . . . . Kills | -11 -10 -10 -10 -9 -8 ------- Run | Yrd Mat Min Exi Min Mat Combat Hostiles Destroyed 20 | . 7 . . 5 8 Guns 4 | . 3 . . . 1 Cannons 4 | . 4 . . . . AOE 12 | . . . . 5 7 Classes Destroyed 9 | . 5 1 . . 3 Worker 1 | . 1 . . . . Builder 3 | . . . . . 3 Tunneler 1 | . . 1 . . . Hauler 2 | . 2 . . . . Recycler 3 | . 1 . . . 2 Operator 1 | . . . . . 1 Swarmer 8 | . 2 . . 4 2 Grunt 11 | . 5 . . 1 5 Hunter 1 | . . . . . 1 Best Kill Streak 11 | . 2 1 . 5 11 Combat Bots Only 7 | . 2 . . 5 7 Max Kills in Single Turn 5 | . 1 1 . 3 5 Gunslinging . | . . . . . . Exploded 4 | . . . . 3 4 Melee . | . . . . . . Uniques/NPCs Destroyed . | . . . . . . Combat | -11 -10 -10 -10 -9 -8 -------- Run | Yrd Mat Min Exi Min Mat Hostile Shots Fired 214 | . 35 2 . 9 168 Missed 67 | . 11 . . 3 53 Damage Taken 2775 | . 269 31 . 112 2363 Core 630 | . 50 . . 16 564 Absorbed by Shields . | . . . . . . Core Remaining (%) 86 | 100 . . . 73 . Volleys Fired 74 | . 30 1 . 2 41 Largest 2 | . 2 2 . 1 2 Hottest 88 | . 58 43 . 33 88 Shots Fired 126 | . 58 2 . 2 64 Gun 98 | . 36 2 . . 60 Cannon 22 | . 22 . . . . Launcher 6 | . . . . 2 4 Special . | . . . . . . Kinetic 98 | . 58 2 . . 38 Thermal 22 | . . . . . 22 Explosive 6 | . . . . 2 4 Electromagnetic . | . . . . . . Robot Hit Streak 11 | . 7 3 . . 11 Robot Miss Streak 5 | . 5 . . . 5 Penetration Max . | . . . . . . Secondary Targets . | . . . . . . Shots Hit Robots 84 | . 32 1 . . 51 Core Hits 76 | . 19 1 . 3 53 Critical Kills . | . . . . . . Critical Parts Destroyed . | . . . . . . Critical Strikes 1 | . 1 . . . . Blast 1 | . 1 . . . . Melee Attacks . | . . . . . . Impact . | . . . . . . Slashing . | . . . . . . Piercing . | . . . . . . Sneak Attacks . | . . . . . . Combat Hostiles . | . . . . . . Follow-up Attacks . | . . . . . . Damage Inflicted 2587 | . 548 10 . 344 1685 Guns 1222 | . 350 10 . . 862 Cannons 198 | . 198 . . . . Explosions 1167 | . . . . 344 823 Melee . | . . . . . . Ramming . | . . . . . . Kinetic 1044 | . 548 10 . . 486 Thermal 376 | . . . . . 376 Explosive 1167 | . . . . 344 823 Electromagnetic . | . . . . . . Impact . | . . . . . . Slashing . | . . . . . . Piercing . | . . . . . . Highest Corruption 1 | . 1 1 1 1 . Average Corruption 1 | . 1 1 1 1 . Corruption Purged . | . . . . . . Corruption Blocked . | . . . . . . Effects 14 | . 4 2 7 1 . Message Errors 4 | . . 1 2 1 . Matter Fused 4 | . 1 . 3 . . Heat Flow Errors 1 | . . 1 . . . Energy Discharges 1 | . 1 . . . . Data Loss (minor) 1 | . 1 . . . . Data Loss (major) 2 | . . . 2 . . Misfires 1 | . 1 . . . . Overload Shots . | . . . . . . Overflow Damage 94 | . . . . 38 56 Projectiles . | . . . . . . Explosions 94 | . . . . 38 56 Melee . | . . . . . . Knockbacks 1 | . 1 . . . . Impact . | . . . . . . Kinetic 1 | . 1 . . . . Secondary . | . . . . . . Self-Inflicted Damage 134 | . . . . 63 71 Shots 4 | . . . . 2 2 Rammed . | . . . . . . Targets Rammed . | . . . . . . Kicked . | . . . . . . Crushed . | . . . . . . Highest Temperature 134 | . 20 134 . . 25 Average Temperature 23 | . 7 72 . . 9 Received Heat Transfer 942 | . 114 . . . 828 Siege Activations . | . . . . . . Robots Corrupted . | . . . . . . Combat Hostiles . | . . . . . . Parts Fried . | . . . . . . Impact Corruptions . | . . . . . . Robots Melted . | . . . . . . Combat Hostiles . | . . . . . . Parts Melted . | . . . . . . Heat Transferred 460 | . . . . . 460 Parts Sabotaged . | . . . . . . Parts Stolen . | . . . . . . Parts Stripped . | . . . . . . Power Chain Reactions . | . . . . . . Alert | -11 -10 -10 -10 -9 -8 ------- Run | Yrd Mat Min Exi Min Mat Peak Influence 208 | . 208 19 . 136 187 Initial 52 | . . 14 . . 52 Average 61 | . 84 18 . 5 62 Maximum Alert Level 1 | . 1 . . . . Low Security (%) 88 | 100 80 100 . 100 100 Level 1 11 | . 19 . . . . Level 2 . | . . . . . . Level 3 . | . . . . . . Level 4 . | . . . . . . Level 5 . | . . . . . . High Security . | . . . . . . Max Security . | . . . . . . Squads Dispatched 6 | . 3 . . 1 2 Investigation 3 | . 3 . . . . Extermination . | . . . . . . Reinforcement 3 | . . . . 1 2 Assault . | . . . . . . Garrison . | . . . . . . Intercept . | . . . . . . Searches Triggered . | . . . . . . Construction Impeded 1 | . . . . 1 . Haulers Reinforced . | . . . . . . Active Scanning Responses . | . . . . . . Cargo Convoy Interrupts . | . . . . . . Stealth | -11 -10 -10 -10 -9 -8 --------- Run | Yrd Mat Min Exi Min Mat Distress Signals 5 | . 2 . . . 3 Communications Jammed . | . . . . . . Distress Signals . | . . . . . . Times Spotted 41 | . 14 1 . 5 21 Peak Tracking Total 11 | . 4 1 . 5 11 Tactical Retreats 2 | . 1 1 . . . Traps | -11 -10 -10 -10 -9 -8 ------- Run | Yrd Mat Min Exi Min Mat Traps Triggered 1 | . 1 . . . . Indirectly . | . . . . . . Trap Hack Attempts . | . . . . . . Triggered . | . . . . . . Disarmed . | . . . . . . Reprogrammed . | . . . . . . Reused 1 | . . . . . 1 Traps Extracted . | . . . . . . Installed 1 | . . . . . 1 Triggered 1 | . . . . . 1 Most Traps Carried 3 | . . . . 3 3 Objects Rigged 1 | . . . . . 1 Exploded 1 | . . . . . 1 Machines | -11 -10 -10 -10 -9 -8 ---------- Run | Yrd Mat Min Exi Min Mat Machines Disabled 3 | . 1 . . 1 1 Max in Single Turn 1 | . 1 . . 1 1 Machines Repaired . | . . . . . . Machines Dismantled . | . . . . . . Machines Sabotaged . | . . . . . . Overloaded Fab Kills . | . . . . . . Hacking | -11 -10 -10 -10 -9 -8 --------- Run | Yrd Mat Min Exi Min Mat Machines Accessed 9 | . 7 . 2 . . Terminals 4 | . 4 . . . . Fabricators . | . . . . . . Repair Stations 1 | . 1 . . . . Recycling Units 2 | . 2 . . . . Scanalyzers . | . . . . . . Garrison Access . | . . . . . . Total Hacks 29 | . 24 . 5 . . Successful 16 | . 11 . 5 . . Failed 13 | . 13 . . . . Catastrophic 2 | . 2 . . . . Database Lockouts . | . . . . . . Manual 18 | . 16 . 2 . . Terminals 14 | . 14 . . . . Fabricators . | . . . . . . Repair Stations 3 | . 3 . . . . Recycling Units 7 | . 7 . . . . Scanalyzers . | . . . . . . Garrison Access . | . . . . . . Terminal Hacks 10 | . 5 . 5 . . Record 4 | . . . 4 . . Part Schematic 1 | . 1 . . . . Robot Schematic 1 | . 1 . . . . Robot Analysis 2 | . 2 . . . . Locate Traps 1 | . 1 . . . . Derelict Proto ID Bank 1 | . . . 1 . . Fabricator Hacks . | . . . . . . Repair Station Hacks . | . . . . . . Recycling Unit Hacks 3 | . 3 . . . . Report Inventory 2 | . 2 . . . . Retrieve Components 1 | . 1 . . . . Scanalyzer . | . . . . . . Garrison Access Hacks . | . . . . . . Unauthorized Hacks 3 | . 3 . . . . Terminals 1 | . 1 . . . . Botnet 1 | . 1 . . . . Fabricators . | . . . . . . Repair Stations . | . . . . . . Recycling Units 2 | . 2 . . . . Tunnel 2 | . 2 . . . . Scanalyzers . | . . . . . . Garrison Access . | . . . . . . Data Cores Recovered . | . . . . . . Used . | . . . . . . Hacking Detections 5 | . 5 . . . . Full Trace Events 3 | . 3 . . . . Feedback Events 1 | . 1 . . . . Corruption 1 | . 1 . . . . Feedback Blocked . | . . . . . . Robot Schematics Acquired 1 | . 1 . . . . Robots Built . | . . . . . . Authchips . | . . . . . . Time . | . . . . . . Total Robot Build Rating . | . . . . . . Part Schematics Acquired 1 | . 1 . . . . Parts Built . | . . . . . . Authchips . | . . . . . . Time . | . . . . . . Total Part Build Rating . | . . . . . . Parts Repaired . | . . . . . . Time . | . . . . . . Parts Recycled . | . . . . . . Recycled Matter . | . . . . . . Retrieved Matter . | . . . . . . Retrieved Components 3 | . 3 . . . . Parts Scanalyzed . | . . . . . . Part Schematics Acquired . | . . . . . . Parts Damaged . | . . . . . . Bothacking | -11 -10 -10 -10 -9 -8 ------------ Run | Yrd Mat Min Exi Min Mat Used RIF Installer . | . . . . . . Robots Hacked . | . . . . . . Non-combat . | . . . . . . Combat . | . . . . . . Robot Hacks Applied . | . . . . . . Relay Couplers Released . | . . . . . . Fabnet Peak Effective % . | . . . . . . Robots Rewired . | . . . . . . Allies Hacked . | . . . . . . Hacks Repelled . | . . . . . . Allies | -11 -10 -10 -10 -9 -8 -------- Run | Yrd Mat Min Exi Min Mat Total Allies . | . . . . . . Largest Group . | . . . . . . Highest-Rated Group . | . . . . . . Highest-Rated Ally . | . . . . . . Total Orders . | . . . . . . Ally Attacks . | . . . . . . Total Damage . | . . . . . . Kills . | . . . . . . Allies Corrupted . | . . . . . . Allies Melted . | . . . . . . Intel | -11 -10 -10 -10 -9 -8 ------- Run | Yrd Mat Min Exi Min Mat Robot Analysis Total 2 | . 2 . . . . Derelict Logs Recovered 1 | . . . . 1 . Drone Launches . | . . . . . . Drone Recoveries . | . . . . . . Exploration | -11 -10 -10 -10 -9 -8 ------------- Run | Yrd Mat Min Exi Min Mat Turns Passed 2346 | 10 1011 193 659 258 215 Spaces Moved 1090 | 20 543 101 272 95 59 Core 146 | 20 116 . . . 10 Treads 3 | . . . . . 3 Legs 941 | . 427 101 272 95 46 Wheels . | . . . . . . Hover . | . . . . . . Flight . | . . . . . . Fastest Speed 50 | 50 50 190 190 260 50 Average Speed 188 | 50 159 190 240 260 149 Slowest Speed 400 | 50 190 190 260 260 400 Overloaded Moves . | . . . . . . Propulsion Burnouts . | . . . . . . Robots Hopped . | . . . . . . Cave-ins Triggered . | . . . . . . Exploration Rate (%) 34 | 3 77 15 69 34 9 Regions Visited 5 Branch Regions 3 Pre-discovered Areas 4 | . 2 . 1 1 . Known Exits Taken . | . . . . . . Unknown Exits Taken 5 | 1 1 1 1 1 . Scrap Searched 1 | . . . . 1 . Spaces Dug . | . . . . . . Terrain Destroyed 39 | . . . . 12 27 Melee . | . . . . . . Projectile . | . . . . . . AOE 39 | . . . . 12 27 Terrain Rammed . | . . . . . . Walls Destroyed . | . . . . . . Machines Disabled . | . . . . . . Actions | -11 -10 -10 -10 -9 -8 --------- Run | Yrd Mat Min Exi Min Mat Total 1257 | 19 631 101 279 106 121 Wait 20 | . 18 . . . 2 Move 1085 | 19 542 100 271 94 59 Hop . | . . . . . . Pick Up 28 | . 19 . 4 4 1 Fast Attach 10 | . 10 . . . . Attach 14 | . 1 . . 2 11 Detach 1 | . 1 . . . . Swap 9 | . 4 . 1 1 3 Drop 14 | . 6 . 3 3 2 Fire 74 | . 30 1 . 2 41 Melee . | . . . . . . Ram . | . . . . . . Kick . | . . . . . . Crush . | . . . . . . Escape Stasis . | . . . . . . Rewire . | . . . . . . Trap 2 | . . . . . 2 Miscellaneous . | . . . . . . Route ------- -11/Scrapyard -10/Materials (discovered 3 exits: [*Mat x2] / [*Min]) -10/Mines -10/Exiles (discovered 2 exits: [*Min x2]) -9/Mines -8/Materials History --------- Turn | Location | Event 4 | -11/Scrapyard | Discovered new exit (range 15) 11 | -11/Scrapyard | Entered Materials 310 | -10/Materials | Build established: Mutant 446 | -10/Materials | Discovered new exit (range 13) 714 | -10/Materials | Discovered new exit (range 16) 1001 | -10/Materials | Discovered new exit (range 8) 1022 | -10/Materials | Entered Mines 1023 | -10/Mines | Assembled infested the area 1028 | -10/Mines | Assisted by a Guerilla fighting off Assembled 1160 | -10/Mines | Deemed a non-threat by the Exiles lab entrance 1208 | -10/Mines | Discovered new exit (range 5) 1215 | -10/Mines | Entered Exiles 1245 | -10/Exiles | Discovered new exit (range 15) 1264 | -10/Exiles | Met 8R-AWN 1294 | -10/Exiles | Met EX-HEX 1406 | -10/Exiles | Met EX-DEC 1452 | -10/Exiles | Learned location of Zion (-7) 1504 | -10/Exiles | Met EX-BIN 1590 | -10/Exiles | Opened EX-Vault 1606 | -10/Exiles | Found Latent Energy Streamer 1617 | -10/Exiles | Found PSU Rigger 1621 | -10/Exiles | Found Skeleton Box 1674 | -10/Exiles | Warned to stay clear of 0b10 Research branches 1853 | -10/Exiles | Discovered new exit (range 10) 1874 | -10/Exiles | Stole three prototypes: Skeleton Box, PSU Rigger, Latent Energy Streamer 1874 | -10/Exiles | Entered Mines 1892 | -9/Mines | Received a Rocket Launcher from a helpful Derelict 1963 | -9/Mines | Found a hidden stash of uninstalled traps 2086 | -9/Mines | Discovered new exit (range 14) 2132 | -9/Mines | Entered Materials 2132 | -8/Materials | Evolved 4 slots: Propulsion x2, Utility x2 2308 | -8/Materials | Core integrity fell below 50% 2340 | -8/Materials | Core integrity fell below 20% 2347 | -8/Materials | Destroyed by G-47 Trooper with Particle Gun Last Messages --------------- 02330_ Knocked back. 02332_ Imp. Heat Sink destroyed. 02332_ R-06 Scavenger destroyed. 02333_ K-01 Serf collects debris. 02334_ Critical hit (Burn: +37). 02335_ K-01 Serf knocked back. 02336_ K-01 Serf collects debris. 02336_ Hvy. Assault Rifle destroyed. 02337_ G-47 Trooper IFF system glitched. 02337_ Acquired 64 matter. 02339_ R-06 Scavenger collects Lgt. Ion Engine. 02341_ K-01 Serf collects debris. 02341_ Dropped Lrg. Storage Unit. 02342_ Rigged Lgt. Ion Engine with PSU Rigger. 02344_ G-47 Trooper heat damages Aluminum Leg, Aluminum Leg. 02344_ A-02 Transporter suffers critical hit (Burn). 02344_ K-01 Serf collects debris. 02346_ S-10 Pest destroyed. Map ----- +----------------------------------------------------+ | ?????????????????????????????????????????????????? | | ?????????????????????????????????????????????????? | | ?????????????????????????????????????????????????? | | ?????????????????????????????????????????????????? | | ?????????????????????????????????????????????????? | | ????????????????????????#####????????????????????? | | ????????????????????????# #????????????????????? | | ????????????????????????# #????????????????????? | | ????????????????????????# #????????????????????? | | ????????????????????????# #????????????????????? | | ????????????????????????# #????????????????????? | | ????????????????????????# #????????????????????? | | ?????????????????######?# ########?????????????? | | ?????????????????# ?# # ]#?????????????? | | ?????????????????# """ # # #?????????????? | | ?????????????????# """ # # """" #?????????????? | | ?????????????????# """ + + """" #?????????????? | | ?????????????????# # # """" #?????????????? | | ?????????????????# # # #?????????????? | | ?????????????????######?# ########?????????????? | | ????????????????????????# # [#?????????????? | | ??????????############### # """ #?????????????? | | ???????? # """ #?????????????? | | ???????? % + """ #?????????????? | | ???????? # #?????????????? | | ???????????##############@ # #?????????????? | | ?????????????????#######; *########?????????????? | | ?????????????????# # =% #???????????????????? | | ?????????????????# """ a!/ #???????????????????? | | ?????????????????# k% ####???????????????? | | ?????????????????# != ###?????????????? | | ?????????????????# g %* #?????????????? | | ?????????????????# ! %[ #?????????????? | | ?????????????????#### [% gga #?????????????? | | ????????????????????## # H #?????????????? | | ?????????????????????## g #!= #?????????????? | | ??????????????????????# # #?????????????? | | ??????????????????????# +% ##????????????? | | ??????????????????????# # % ???????????? | | ??????????????????????# # ??????????? | | ??????????????????????# # ?????????? | | ??????????????????????# # ###### ???????? | | ??????????????????????? # #????? #??????? | | ??????????????????????# ?# ??????? #??????? | | ??????????????????????#######??# ???????? #??????? | | ???????????????????????????????T ?????????#??????? | | ???????????????????????????????# ????????????????? | | ???????????????????????????????# ????????????????? | | ???????????????????????????????? ????????????????? | | ???????????????????????????????? ????????????????? | +----------------------------------------------------+ Best States ------------- Heat Dissipation 45 Energy Generation 14 Energy Capacity 160 Matter Stores 300 Matter Capacity 300 Sight Range 16 Terrain Scan Density 10 Armor Coverage 225 Evasion (%) 50 Recoil Reduction 1 Item Schematics ----------------- Hcp. Storage Unit | -10/Materials | Hacked Robot Schematics ------------------ O-16 Technician | -10/Materials | Hacked Fabricated ------------ Nothing Alien Tech Used ----------------- None Achievements -------------- None Challenges ------------ None Game ------ Seed IntegratedArcLaser Manual? 0 Play Time 00:18:02 Cumulative 769.4 hours Start 2024.05.24 @ 15:07:23 End 2024.05.24 @ 15:50:42 Sessions 1 Manual Loads 0 Difficulty Rogue Special Mode None Game No. 314 Rogue 284 Adventurer 3 Explorer 27 Win Type - Total 17 Types 10/3/2/1/0/1/0/0/0 Lore% 92 Gallery% 97 Achievement% 86 Wizard Run 0 Options --------- Layout 2 ASCII 0 Keyboard 0 Movement Numpad Keybinds 0 Fullscreen 2 Font 24/Smallcaps Map View 50x44 Zoom Use 0% Tactical HUD 1 Map Filters NONE Filters NONE Steam 1 RUN: 0aaf6716-e023-4eb2-b78b-8dd928aaf4d1